cohdb
Replays
Latest Replays
All Replays
Popular Replays
Top Player Replays
Match Explorer
How It Works
Community
CoH3 Stats
Reddit
Sign in to upload your games and track your stats! →
Sign in with Steam
Match 45162605
Unlisted
Match 45162605
Overview
Messages
Build Orders
End
Kettenkrad Recon Vehicle
Construct Infanterie Kompanie
Grenadier Squad
MG 42 Machine Gun Team
Grenadier Squad
Construct Panzergrenadier Kompanie
251 Medium Carrier
Pak 40 Anti-tank Gun Team
Selects Mechanized Battlegroup
Selects Mobile Repair Stations
Panzergrenadier Squad
Panzergrenadier Officer Quarters
Support Elements
Nebelwerfer 42 Rocket Launcher Team
Medical Bunker
StuG III G Assault Gun
Selects Raid Package
Selects StuG Assault Group
Nebelwerfer 42 Rocket Launcher Team
Medical Bunker
StuG III G Assault Gun
Medical Bunker
251 Medium Carrier
娘希匹,优势在我!
鼻涕一甩排山倒海
冥雨
GAGE
HelloFriends :D
★★★al3tal★★★
KT6790
downward horrendous
0
0
Comments
sign in to comment!
No comments posted yet!